 Dungeon Crawl Stone Soup version 0.21-a0-496-g696f58f537 (webtiles) character file.

20414 Infinimo the Warrior (level 12, -5/122 HPs)
             Began as a Minotaur Fighter on Nov 23, 2017.
             Was an Elder of Yredelemnul.
             Slain by an orc knight
             ... wielding a +3 battleaxe of draining
              (22 damage)
             ... on level 1 of the Orcish Mines.
             The game lasted 00:35:02 (13037 turns).

Infinimo the Warrior (Minotaur Fighter)            Turns: 13037, Time: 00:35:04

Health: -5/122     AC: 18    Str: 24    XL:     12   Next: 45%
Magic:  11/11      EV:  7    Int:  6    God:    Yredelemnul [****..]
Gold:   873        SH: 16    Dex: 11    Spells: 11/11 levels left

rFire    + . .     SeeInvis .   H - +5 scimitar (freeze) (curse)
rCold    . . .     Gourm    .   c - +1 shield
rNeg     . . .     Faith    .   D - +3 chain mail
rPois    .         Spirit   .   l - +0 hat
rElec    .         Reflect  +   B - scarf {cloud immunity}
rCorr    .         Harm     .   x - +0 pair of gloves {archery}
MR       .....                  (no boots)
Stlth    ..........             y - +3 amulet of reflection
HPRegen  0.30/turn              u - ring of protection from fire
MPRegen  0.12/turn              r - +5 ring of protection

@: slowed, drained, very slow
A: retaliatory headbutt, horns 2
a: Recall Undead Slaves, Injury Mirror, Animate Dead, Drain Life, Renounce
Religion


You were on level 1 of the Orcish Mines.
You worshipped Yredelemnul.
Yredelemnul was greatly pleased with you.
You were not hungry.

You visited 3 branches of the dungeon, and saw 15 of its levels.

You collected 1092 gold pieces.
You spent 219 gold pieces at shops.

Inventory:

Hand Weapons
 H - a cursed +5 scimitar of freezing (weapon)
Armour
 c - a +1 shield (worn)
 l - a +0 hat (worn)
 x - a +0 pair of gloves of archery (worn)
 B - a scarf of cloud immunity (worn)
 D - a +3 chain mail (worn)
Jewellery
 k - an uncursed ring of see invisible
 r - a +5 ring of protection (right hand)
 u - a ring of protection from fire (left hand)
 y - a +3 amulet of reflection (around neck)
 I - an uncursed ring of protection from magic
Wands
 m - a wand of acid (9)
 o - a wand of disintegration (22)
 p - a wand of iceblast (4)
 A - a wand of digging (6)
 K - a wand of clouds (6)
Scrolls
 e - 3 scrolls of teleportation
 h - 3 scrolls of fog
 j - 6 scrolls of remove curse
 s - 2 scrolls of fear
 v - 3 scrolls of blinking
 C - 6 scrolls of identify
 F - 2 scrolls of enchant armour
 G - a scroll of enchant weapon
 J - 4 scrolls of magic mapping
 L - a scroll of brand weapon {unknown}
Potions
 a - 2 potions of brilliance
 b - 2 potions of lignification
 d - 2 potions of agility
 n - 4 potions of curing
 t - a potion of flight
 w - a potion of invisibility
 z - 2 potions of haste
Books
 E - a book of Geomancy

   Spells                             Type                      Level
   a - Sandblast                      Earth                        1
   b - Passwall                       Transmutation/Earth          2
   c - Stone Arrow                    Conjuration/Earth            3
   d - Petrify                        Transmutation/Earth          4
   e - Lee's Rapid Deconstruction     Earth                        5
Comestibles
 f - 8 bread rations
 g - 5 royal jellies
 i - 6 fruits
 q - 9 meat rations


   Skills:
 + Level 16.0(15.1) Fighting
   Level 0.3(7.9) Short Blades
 - Level 14.1(13.3) Long Blades
 - Level 3.6(3.0) Armour
 - Level 12.0(11.2) Shields


You had 11 spell levels left.
You didn't know any spells.

Dungeon Overview and Level Annotations

Branches:
Dungeon (12/15)            Temple (0/1) D:7            Lair (1/6) D:9
    Orc (2/2) D:9
    Elf: Orc:2

Altars:
Dithmenos
Elyvilon
Kikubaaqudgha
Ru
Yredelemnul
The Shining One

Shops:
D:5 =   D:7 %   D:10 (

Annotations:
Lair:1 Erica


Innate Abilities, Weirdness & Mutations

You reflexively headbutt those who attack you in melee.
You have a pair of horns on your head.


Message History

You block the orc knight's attack.
The orc knight hits your troll zombie with a battleaxe of draining!
The ogre hits your troll zombie with a giant club!!
Your troll zombie is destroyed!
You block the orc's attack.
Unknown command.
The orc hits your orc priest zombie but does no damage.
The orc knight hits you with a battleaxe of draining!!!
You feel drained.
The orc knight hits your orc priest zombie with a battleaxe of draining!
Your orc priest zombie is destroyed!
You block the ogre's attack. The troll bites you! The troll claws you.
The ogre hits you with a giant club!
* * * LOW HITPOINT WARNING * * *
You block the orc's attack.
The ogre hits you with a giant spiked club!
* * * LOW HITPOINT WARNING * * *
The orc knight hits you with a battleaxe of draining!!
You die...
Your body rises from the dead as a mindless zombie.

.).....................#
......................##
.)...).................#
...[.<..............#.##
................Z.....##
................)))....#
.......>........OO[...##
...............OoOT....#
........).....#O@o.....#
........)...........#.##
#......................#
...#.).................#
.....รท................##
..#.).........#.......#
...#......#..#....)#.##
#.#..................##
.##........#.#........#


You could see an orc knight, a two-headed ogre, a troll, 4 ogres, an orc and a
friendly orc zombie.

Vanquished Creatures
  Erolcha (D:10)
  A catoblepas (D:11)
  Harold (D:12)
  4 two-headed ogres
  2 manticores (D:11)
  A centaur zombie (D:12)
  3 kobold demonologists (D:10)
  4 centaur skeletons
  4 trolls
  3 hippogriffs
  20 yaks
  2 wyverns
  A basilisk (D:12)
  A steam dragon (D:7)
  3 porcupines (D:9)
  11 orc warriors
  An ice beast (D:10)
  11 ogres
  3 phantoms
  2 sky beasts
  2 black bears (D:9)
  8 centaurs
  The ghost of Zaque the Insei, an amateur OpTm of Makhleb (D:3)
  A big kobold (D:11)
  13 bullfrogs
  A gnoll sergeant (D:9)
  A water moccasin zombie (D:8)
  A wyvern zombie (D:11)
  4 killer bees
  4 scorpions
  5 howler monkeys
  A wight (D:10)
  3 electric eels (D:10)
  A bullfrog zombie (D:8)
  11 crimson imps
  3 jellies
  A quasit (D:10)
  A bullfrog skeleton (D:11)
  7 hounds
  6 orc priests
  11 orc wizards
  6 iguanas
  8 worker ants
  A killer bee zombie (D:9)
  2 hound skeletons
  A worker ant zombie (D:6)
  4 gnolls (D:9)
  5 adders
  3 shadow imps
  2 oozes
  2 adder skeletons (D:5)
  An adder zombie (D:7)
  2 worms
  3 dart slugs
  7 leopard geckos
  30 orcs
  3 giant cockroaches
  4 goblins
  5 hobgoblins
  4 jackals
  14 kobolds
  6 quokkas
  2 ball pythons
  8 bats
  5 frilled lizards
  A quokka skeleton (D:8)
  9 rats
303 creatures vanquished.

Vanquished Creatures (collateral kills)
  A two-headed ogre (D:9)
  2 trolls (D:10)
  2 yaks
  A hungry ghost (D:9)
  A porcupine (D:9)
  An orc warrior (D:10)
  A sky beast (D:9)
  An ogre (D:11)
  A phantom (D:9)
  A bullfrog (D:9)
  2 killer bees (D:12)
  4 wights (D:10)
  2 electric eels (D:10)
  An orc priest (Orc:1)
  An orc wizard (D:9)
  A worker ant (D:10)
  7 orcs
  2 jackals (D:10)
  A kobold (D:10)
  2 plants (D:10)
35 creatures vanquished.

Vanquished Creatures (others)
  A two-headed ogre zombie (D:9)
  A human (D:2)
  A centaur (D:11)
  4 yak zombies
  3 troll zombies
  A wight (Lair:1)
  4 bullfrog zombies
  A porcupine zombie (D:9)
  2 ogre zombies
  A sky beast zombie (D:9)
  7 orc zombies
  A scorpion zombie (D:9)
  A kobold (D:11)
  39 fungi (D:9)
  30 plants
97 creatures vanquished.

Grand Total: 435 creatures vanquished

Notes
Turn   | Place    | Note
-------+----------+-------------------------------------------
     0 | D:1      | Infinimo the Minotaur Fighter began the quest for the Orb.
     0 | D:1      | Reached XP level 1. HP: 19/19 MP: 0/0
   166 | D:1      | Reached XP level 2. HP: 26/26 MP: 1/1
   826 | D:2      | Found a glowing golden altar of the Shining One.
   896 | D:2      | Reached XP level 3. HP: 31/31 MP: 2/2
  1137 | D:2      | Found an ancient bone altar of Kikubaaqudgha.
  1137 | D:2      | Noticed a human
  1140 | D:2      | Killed a human
  1518 | D:3      | Noticed Zaque's ghost (amateur OpTm)
  1827 | D:3      | Reached XP level 4. HP: 39/39 MP: 3/3
  1863 | D:3      | Killed Zaque's ghost
  1863 | D:3      | Reached XP level 5. HP: 45/45 MP: 4/4
  2314 | D:4      | Reached skill level 5 in Long Blades
  2407 | D:4      | Noticed an ogre
  2411 | D:4      | Noticed a phantom
  2471 | D:4      | Killed an ogre
  2471 | D:4      | Reached XP level 6. HP: 16/51 MP: 5/5
  2891 | D:4      | Reached XP level 7. HP: 49/57 MP: 6/6
  2898 | D:4      | Found a white marble altar of Elyvilon.
  3153 | D:5      | Entered Level 5 of the Dungeon
  3501 | D:5      | Found Ciriss's Jewellery Emporium.
  3509 | D:5      | Bought a +3 amulet of reflection for 219 gold pieces
  4119 | D:6      | Reached skill level 10 in Long Blades
  4340 | D:6      | Reached XP level 8. HP: 64/64 MP: 7/7
  4370 | D:6      | Noticed a white ugly thing
  4449 | D:6      | Noticed a hippogriff
  4454 | D:6      | Killed a hippogriff
  4802 | D:7      | Found Boaceo's Food Boutique.
  4917 | D:7      | Found a shadowy altar of Dithmenos.
  4919 | D:7      | Found a basalt altar of Yredelemnul.
  4919 | D:7      | Found a sacrificial altar of Ru.
  4925 | D:7      | Became a worshipper of Yredelemnul the Dark
  5156 | D:7      | Found a staircase to the Ecumenical Temple.
  5360 | D:7      | Reached XP level 9. HP: 63/70 MP: 8/8
  6251 | D:8      | Noticed a two-headed ogre
  6395 | D:9      | Killed a two-headed ogre
  6601 | D:9      | Noticed a two-headed ogre
  6617 | D:9      | Killed a two-headed ogre
  6617 | D:9      | Reached skill level 10 in Shields
  6617 | D:9      | Reached XP level 10. HP: 77/77 MP: 9/9
  6841 | D:9      | Reached * piety under Yredelemnul
  7296 | D:9      | Reached skill level 4 in Fighting
  7550 | D:9      | Found a staircase to the Lair.
  7584 | D:9      | Reached skill level 5 in Fighting
  7644 | D:9      | Reached skill level 6 in Fighting
  7694 | D:9      | Found an ancient bone altar of Kikubaaqudgha.
  7748 | D:9      | Noticed a two-headed ogre
  7757 | D:9      | Killed a two-headed ogre
  7757 | D:9      | Reached skill level 7 in Fighting
  8090 | D:9      | Reached skill level 8 in Fighting
  8119 | D:9      | Reached ** piety under Yredelemnul
  8151 | D:9      | Reached XP level 11. HP: 78/95 MP: 10/10
  8266 | D:9      | Found a staircase to the Orcish Mines.
  8362 | D:10     | Entered Level 10 of the Dungeon
  8362 | D:10     | Noticed a two-headed ogre
  8370 | D:10     | Killed a two-headed ogre
  8370 | D:10     | Reached skill level 9 in Fighting
  8470 | D:10     | Found Xuocun Mich's Weapon Emporium.
  8580 | D:10     | Reached skill level 10 in Fighting
  8602 | D:10     | HP: 3/99 [electric eel/bolt of electricity (12)]
  9266 | D:10     | Noticed a two-headed ogre
  9279 | D:10     | Killed a two-headed ogre
  9340 | D:10     | Reached skill level 11 in Fighting
  9348 | D:10     | Noticed Erolcha
  9354 | D:10     | Killed Erolcha
  9509 | D:10     | Reached skill level 12 in Fighting
  9516 | D:10     | Reached *** piety under Yredelemnul
 10023 | D:11     | Reached skill level 13 in Fighting
 10280 | D:11     | Reached **** piety under Yredelemnul
 10499 | D:11     | Reached skill level 14 in Fighting
 10508 | D:11     | Reached XP level 12. HP: 108/117 MP: 11/11
 10509 | D:11     | Received a gift from Yredelemnul (a wight)
 10603 | D:11     | Noticed a catoblepas
 10630 | D:11     | Killed a catoblepas
 11054 | D:12     | Noticed Harold
 11060 | D:12     | Killed Harold
 11070 | D:12     | Reached skill level 15 in Fighting
 12007 | Lair:1   | Entered Level 1 of the Lair of Beasts
 12253 | Lair:1   | Noticed a seven-headed hydra
 12254 | Lair:1   | Noticed Erica
 12255 | Lair:1   | Noticed a four-headed hydra
 12662 | Orc:1    | Entered Level 1 of the Orcish Mines
 13024 | Orc:2    | Entered Level 2 of the Orcish Mines
 13024 | Orc:2    | Noticed a two-headed ogre
 13024 | Orc:2    | Noticed a two-headed ogre
 13024 | Orc:2    | Noticed an ogre mage
 13024 | Orc:2    | Noticed a two-headed ogre
 13024 | Orc:2    | Noticed a two-headed ogre
 13024 | Orc:2    | Noticed an ogre mage
 13030 | Orc:2    | Reached skill level 16 in Fighting
 13037 | Orc:1    | Slain by an orc knight

Vault maps used:
D:1:      tarquinn_simple_flora_water_f, minmay_misc_feat_tower,
          item_on_display_a
D:2:      old_standard_altar, hangedman_abyss_or_decor_lesser_grid,
          tgw_kikubaaqudgha
D:4:      lemuel_doored_altar, serial_park_tiny_2
D:5:      first_bread, serial_shops, shop
D:6:      lightli_corner_chamber
D:7:      grunt_temple_overflow_open, minmay_temple_entry_overgrown,
          serial_shops, shop
D:8:      grunt_ogre_cave
D:9:      nicolae_overflow_crystal_walls, due_lair_maze_entry_diamond,
          orc_0_dummy, library_closet
D:10:     serial_shops, nicolae_shop_trees, nrook_mini_backslash,
          chequers_big_river, uniq_erolcha
D:11:     nzn_motion_control, stair_cage_line
D:12:     uniq_harold
Lair:1:   grunt_megastairs_3, infiniplex_staircase_pool_2, uniq_erica,
          uniq_joseph
Orc:2:    st_orc_open, uniq_maurice

Skill      XL: |  1  2  3  4  5  6  7  8  9 10 11 12 |
---------------+-------------------------------------+-----
Long Blades    | 3 4 6 8 10 12 14 | 14.1
Shields        | 4 6 10 12 | 12.0
Fighting       | 8 14 16 | 16.0
Short Blades   | |  0.3
Armour         | |  3.6

Action                   |  1- 3 |  4- 6 |  7- 9 | 10-12 || total
-------------------------+-------+-------+-------+-------++-------
Melee: Long sword        |    67 |    73 |   344 |   335 ||   819
       Headbutt          |    18 |    13 |    66 |   125 ||   222
       Rapier            |    37 |    17 |       |       ||    54
       Scimitar          |       |       |       |   292 ||   292
Invok: Animate Remains   |       |       |       |    19 ||    19
       Animate Dead      |       |       |       |    15 ||    15
       Recall Undead Sla |       |       |       |     3 ||     3
  Use: Scroll            |     7 |       |     9 |     7 ||    23
       Potion            |       |     1 |     4 |     1 ||     6
 Stab: Distracted        |       |       |       |     2 ||     2
  Eat: Chunk             |     3 |     3 |    13 |    22 ||    41
       Bread ration      |       |       |       |     2 ||     2
Armor: Scale mail        |    44 |    36 |    83 |    11 ||   174
       Skin              |       |       |     4 |       ||     4
       Chain mail        |       |       |       |   174 ||   174
Dodge: Dodged            |    22 |    28 |    49 |   100 ||   199
Block: Shield            |    50 |    45 |   183 |   453 ||   731
       Reflection        |       |       |     5 |    26 ||    31
       Rpst.: Long sword |     3 |     3 |    14 |    15 ||    35
       Scimitar          |       |       |       |    13 ||    13

Table legend:
 A = Spawn XP
 B = Non-spawn XP
 C = Spawn XP percentage of total XP
 D = Spawn monster count
 E = Non-spawn monster count
 F = Spawn count percentage of total count
 G = Total turns spent on level
                    A         B        C        D         E        F      G
               +---------+---------+-------+---------+---------+-------+---------
         Total |       0 |   29164 |   0.0 |       0 |     337 |   0.0 | 13037
               +---------+---------+-------+---------+---------+-------+---------
           D:1 |       0 |      26 |   0.0 |       0 |      11 |   0.0 |   826
           D:2 |       0 |      61 |   0.0 |       0 |      27 |   0.0 |   798
           D:3 |       0 |     184 |   0.0 |       0 |      19 |   0.0 |   683
           D:4 |       0 |     575 |   0.0 |       0 |      10 |   0.0 |   846
           D:5 |       0 |     357 |   0.0 |       0 |      10 |   0.0 |   717
           D:6 |       0 |     659 |   0.0 |       0 |      23 |   0.0 |   887
           D:7 |       0 |    1116 |   0.0 |       0 |      20 |   0.0 |   823
           D:8 |       0 |    1135 |   0.0 |       0 |      16 |   0.0 |   946
           D:9 |       0 |    7146 |   0.0 |       0 |      53 |   0.0 |  2200
          D:10 |       0 |    5974 |   0.0 |       0 |      46 |   0.0 |  1495
          D:11 |       0 |    6849 |   0.0 |       0 |      56 |   0.0 |  1185
          D:12 |       0 |    3001 |   0.0 |       0 |      18 |   0.0 |   954
        Lair:1 |       0 |     722 |   0.0 |       0 |       4 |   0.0 |   302
         Orc:1 |       0 |    1095 |   0.0 |       0 |      21 |   0.0 |   366
         Orc:2 |       0 |     264 |   0.0 |       0 |       3 |   0.0 |     9
               +---------+---------+-------+---------+---------+-------+---------
